 Dungeon Crawl Stone Soup version 0.30.1-4-g462c640d31 (webtiles) character file.

Game seed: 12291622689577954273

32 GeoRichter the Chopper (level 3, -1/33 HPs)
             Began as a Hill Orc Monk on Sept 12, 2023.
             Slain by a gnoll
             ... wielding a +0 flail
              (9 damage)
             ... on level 2 of the Dungeon.
             The game lasted 00:01:46 (963 turns).

GeoRichter the Chopper (Hill Orc Monk)               Turns: 963, Time: 00:01:47

Health: -1/33      AC:  5    Str: 15    XL:     3   Next: 27%
Magic:  3/3        EV: 12    Int: 10    God:
Gold:   61         SH:  0    Dex: 13    Spells: 2/2 levels left

rFire   . . .        a - +0 hand axe
rCold   . . .        d - orb {light}
rNeg    . . .        m - +0 leather armour
rPois   .            (no helmet)
rElec   .            (no cloak)
rCorr   .            (no gloves)
SInv    .            f - +1 pair of boots
Will    .....        (no amulet)
Stlth   +            (no ring)
HPRegen 0.25/turn    (no ring)
MPRegen 0.08/turn

%: no passive effects
@: glowing
A: no striking features
a: no special abilities


You were on level 2 of the Dungeon.
You visited 1 branch of the dungeon, and saw 2 of its levels.

You collected 61 gold pieces.

Inventory:

Hand Weapons
 a - a +0 hand axe (weapon)
Missiles
 g - 18 stones (quivered)
Armour
 d - an orb of light (worn)
 f - a +1 pair of boots (worn)
   (You found it on level 1 of the Dungeon)
 m - a +0 leather armour (worn)
   (You found it on level 1 of the Dungeon)
Scrolls
 b - a scroll of teleportation {unknown}
 j - a scroll of vulnerability {unknown}
 o - a scroll of torment {unknown}
Potions
 c - 2 potions of ambrosia
 e - a potion of brilliance {unknown}
 h - 2 potions of curing {unknown}
 i - a potion of mutation {unknown}
 k - 2 potions of berserk rage {unknown}
 l - a potion of flight {unknown}
 n - a potion of heal wounds {unknown}


   Skills:
 + Level 4.2 Fighting
 * Level 5.2 Axes
 - Level 2.4 Dodging


You had 2 spell levels left.
You didn't know any spells.
Your spell library contained the following spells:

 Spells                   Type           Power      Damage    Failure   Level
 Gell's Gravitas          Tloc           0%         N/A       80%         3
 Teleport Other           Tloc           0%         N/A       80%         3
 Dispersal                Tloc           0%         N/A       100%        6


Dungeon Overview and Level Annotations

Branches:
Dungeon (2/15) Zot: 11030

Altars:


Message History

The gnoll barely misses you.
You hit the gnoll.
You kill the gnoll!
Your Axes skill increases to level 5!
You have reached level 3!
Your experience leads to an increase in your attributes!
Increase (S)trength, (I)ntelligence, or (D)exterity?
You feel stronger. x2
Search for what [? for help]? armor You start resting.
HP restored.
There is a stone staircase leading down here.
You climb downwards.
The ball python hisses angrily.
There is a stone staircase leading up, spattered with blood here.
You slash the ball python!
You kill the ball python!
A jackal comes into view.
The jackal barks!
You hear a shout!
You hear an angry hiss.
You hear a shout!
The jackal closely misses you.
You hit the jackal but do no damage. The jackal barely misses you.
You hit the jackal.
The jackal is heavily wounded.
The jackal closely misses you. x2
You hit the jackal.
The jackal is almost dead.
The jackal bites you but does no damage.
You hit the jackal.
You kill the jackal!
The gnoll shouts!
There are monsters nearby!
You hit the gnoll.
The gnoll is moderately wounded.
The gnoll hits you with a +0 flail!
You hit the gnoll but do no damage.
The gnoll is moderately wounded.
The gnoll hits you with a +0 flail!
* * * LOW HITPOINT WARNING * * *
You hit the gnoll.
The gnoll is moderately wounded.
The gnoll hits you with a +0 flail.
* * * LOW HITPOINT WARNING * * *
The gnoll barely misses you.
You barely miss the gnoll.
The gnoll is moderately wounded.
The gnoll barely misses you.
You hit the gnoll.
The gnoll is heavily wounded.
The gnoll hits you with a +0 flail!
You die...

#..######....##
#..............
#..........#
#....).....# ##
#.........# ..#
#.....<†..##..##
#..............#
#..........#.#.#
####.####@## #.
#g# # ## #g# .
#.....# .
#....#..... .
#..##. $...... .
... .. .....g.
## ..# ##....g
.# #....


You could see 2 gnolls.

Vanquished Creatures
  A gnoll (D:1)
  A dart slug (D:1)
  2 ball pythons (D:2)
  An endoplasm (D:2)
  A giant cockroach (D:1)
  2 hobgoblins
  2 jackals
  2 quokkas
  A bat (D:2)
  A frilled lizard (D:1)
  4 kobolds
  2 rats (D:1)
20 creatures vanquished.

Notes
Turn   | Place    | Note
-------+----------+-------------------------------------------
     0 | D:1      | GeoRichter the Hill Orc Monk began the quest for the Orb.
     0 | D:1      | Reached XP level 1. HP: 19/19 MP: 1/1
   285 | D:1      | Reached XP level 2. HP: 27/27 MP: 2/2
   912 | D:1      | Reached skill level 5 in Axes
   912 | D:1      | Reached XP level 3. HP: 27/33 MP: 3/3
   963 | D:2      | Slain by a gnoll

Illustrated notes

Levels and vault maps discovered:
D:1:      giann_wishing_wells, layout_basic, st_stairs_14, roderic_malta_cross
D:2:      layout_rooms, hellmonk_ecumenical_altar_leap_of_faith

Skill      XL: |  1  2 |
---------------+-------+-----
Fighting       | 4 |  4.2
Axes           | 5 |  5.2
Dodging        | |  2.4

Action                     || total
---------------------------++-------
  Melee: Hand axe          ||    58
  Throw: Stone             ||     5
 Armour: Robe              ||     5
         Leather armour    ||    12
  Dodge: Dodged            ||    34
